 Dungeon Crawl Stone Soup version 0.19.1-1-g22dce08 (webtiles) character file.

5666 nikopol the Cleaver (level 10, -1/96 HPs)
             Began as a Gargoyle Berserker on Jan 8, 2017.
             Was a High Priest of Trog.
             Slain by a wolf (5 damage)
             ... on level 1 of the Lair of Beasts.
             The game lasted 00:22:15 (9920 turns).

nikopol the Cleaver (Gargoyle Berserker)            Turns: 9920, Time: 00:22:15

Health: -1/96      AC: 20    Str: 26    XL:     10   Next: 75%
Magic:  10/10      EV: 14    Int:  8    God:    Trog [*****.]
Gold:   473        SH:  0    Dex: 17    Spells: 0 memorised, 9 levels left

rFire  . . .     SeeInvis .     a - +5 war axe
rCold  . . .     Gourm    .     C - +0 scale mail
rNeg   + . .     Faith    .     (no shield)
rPois  ∞         Spirit   .     F - +0 helmet (curse)
rElec  +         Reflect  .     t - +0 cloak
rCorr  +         Harm     .     D - +0 pair of gloves
MR     .....                    Z - +0 pair of boots
Stlth  ..........               (no amulet)
                                E - ring of resist corrosion
                                K - +5 ring of dexterity

@: berserking, very quick
A: negative energy resistance 1, electricity resistance, unbreathing,
petrification resistance, rot immunity, AC +7
a: Berserk, Trog's Hand, Brothers in Arms, Burn Spellbooks, Renounce Religion


You were on level 1 of the Lair of Beasts.
You worshipped Trog.
Trog was extremely pleased with you.
You were very hungry.

You visited 2 branches of the dungeon, and saw 10 of its levels.

You collected 473 gold pieces.

Inventory:

Hand Weapons
 a - a +5 war axe (weapon)
 z - a +0 shortbow
Missiles
 y - 119 arrows (quivered)
Armour
 t - a +0 cloak (worn)
 C - a +0 scale mail (worn)
 D - a +0 pair of gloves (worn)
 F - a cursed +0 helmet (worn)
 Z - a +0 pair of boots (worn)
Jewellery
 d - an uncursed ring of protection from cold
 j - an uncursed ring of protection from magic
 E - a ring of resist corrosion (right hand)
 K - a +5 ring of dexterity (left hand)
 L - a +3 ring of evasion
 V - an uncursed ring of positive energy
 Y - a +4 ring of strength
Wands
 P - a wand of heal wounds (2/9)
Scrolls
 f - 8 scrolls of identify {unknown}
 h - 10 scrolls of remove curse {unknown}
 m - 3 scrolls of enchant weapon {unknown}
 o - 5 scrolls of recharging {unknown}
 v - 4 scrolls of teleportation {unknown}
 w - 2 scrolls of amnesia {unknown}
 B - 3 scrolls of blinking {unknown}
 I - 3 scrolls of magic mapping {unknown}
 O - a scroll of noise {unknown}
 R - a scroll of fear {unknown}
Potions
 i - a potion of magic {unknown}
 l - a potion of cancellation {unknown}
 n - a potion of heal wounds {unknown}
 p - 4 potions of flight {unknown}
 q - 4 potions of curing {unknown}
 r - a potion of berserk rage {unknown}
 s - 4 potions of haste {unknown}
 u - a potion of agility {unknown}
 A - 2 potions of lignification {unknown}
 G - a potion of mutation {unknown}
 H - a potion of resistance
 N - 2 potions of brilliance {unknown}
 Q - a potion of cure mutation {unknown}
Comestibles
 b - 5 chunks of flesh
 c - 8 bread rations
 g - 2 meat rations
 k - 13 fruits
 x - 5 beef jerkies
 S - 8 slices of pizza


   Skills:
 + Level 7.8 Fighting
 * Level 8.0 Axes
 * Level 7.5 Bows
 + Level 7.4 Armour
 + Level 5.4 Dodging


You had 9 spell levels left.
You didn't know any spells.

Dungeon Overview and Level Annotations

Branches:
Dungeon (9/15)             Temple (0/1) D:7            Lair (1/6) D:9
    Orc: D:9-12

Altars:
Ashenzari
Cheibriados
Elyvilon
Fedhas
Gozag
Kikubaaqudgha
Nemelex Xobeh
Okawaru
Qazlal
Trog
Uskayaw
Xom
Yredelemnul
Zin

Shops:
D:9 %


Innate Abilities, Weirdness & Mutations

You are resistant to torment.
Your stone body is resilient. (AC +7)
You are immune to poison.
You resist negative energy. (rN+)
You are resistant to electric shocks. (rElec)
You can survive without breathing.
You are immune to petrification.
You are immune to rotting.


Message History

The four-headed hydra grows two more!
You slice the six-headed hydra!!
The six-headed hydra is severely wounded.
You closely miss the bullfrog.
You hear a howl!
The bullfrog hits you.
* * * LOW HITPOINT WARNING * * *
The six-headed hydra misses you.
The six-headed hydra bites you but does no damage.
The six-headed hydra bites you.
* * * LOW HITPOINT WARNING * * *
The six-headed hydra bites you but does no damage. x2
The six-headed hydra bites you!
* * * LOW HITPOINT WARNING * * *
A wolf comes into view.
You slice one of the six-headed hydra's heads off!
The five-headed hydra grows two more!
You slice the seven-headed hydra!!
The seven-headed hydra is almost dead.
You hit the bullfrog. You closely miss the wolf.
The bullfrog barely misses you. The wolf bites you.
You die...

...... ..
..#.#.###.# .
#.........# ..
#.........# ...
#.........#....
#..>...........
#.....F........
#....hh@..#
#....tD........
h###.##.##.....
.. ... .... ...
... ... ##
####. ## #


You could see a seven-headed hydra, a crocodile, 3 wolves and a bullfrog.

Vanquished Creatures
  Joseph (D:8)
  A troll (D:9)
  A hornet (D:8)
  A hippogriff (D:8)
  3 yaks (D:9)
  4 hogs (D:7)
  A human (D:7)
  3 orc warriors
  4 phantoms
  2 necrophages (D:9)
  4 centaurs
  An ogre (D:9)
  A crocodile (D:9)
  Blork the orc (D:4)
  4 bullfrogs
  3 scorpions
  3 howler monkeys
  5 wights (D:7)
  A centaur zombie (D:5)
  2 crimson imps (D:8)
  5 hounds
  A jelly (D:7)
  5 orc priests
  Crazy Yiuf (D:6)
  3 bullfrog skeletons
  Jessica (D:3)
  4 iguanas
  9 orc wizards
  11 worker ants
  A hound skeleton (D:4)
  A worker ant zombie (D:6)
  Robin (D:3)
  10 adders
  4 gnolls (D:8)
  3 river rats (D:9)
  An ooze (D:3)
  An adder zombie (D:7)
  4 adder skeletons
  3 worms
  4 dart slugs
  9 leopard geckos
  42 orcs
  3 giant cockroaches
  16 goblins
  11 hobgoblins
  14 kobolds
  6 quokkas
  6 ball pythons
  14 bats
  7 frilled lizards
  21 rats
  A bush (D:2)
  2 plants
271 creatures vanquished.

Vanquished Creatures (others)
  6 fungi (D:9)
6 creatures vanquished.

Grand Total: 277 creatures vanquished

Notes
Turn   | Place    | Note
-------+----------+-------------------------------------------
     0 | D:1      | nikopol the Gargoyle Berserker began the quest for the Orb.
     0 | D:1      | Reached XP level 1. HP: 14/14 MP: 1/1
    67 | D:1      | Reached XP level 2. HP: 11/19 MP: 2/2
   117 | D:1      | Reached skill level 3 in Axes
   275 | D:1      | Reached XP level 3. HP: 23/23 MP: 3/3
   386 | D:1      | Reached ** piety under Trog
   769 | D:2      | Found a hide-covered altar of Uskayaw.
   849 | D:2      | Reached XP level 4. HP: 28/29 MP: 4/4
  1462 | D:3      | Noticed Jessica
  1467 | D:3      | Killed Jessica
  1504 | D:3      | Reached *** piety under Trog
  1559 | D:3      | Reached XP level 5. HP: 32/33 MP: 5/5
  1572 | D:3      | Found a shattered altar of Ashenzari.
  2069 | D:3      | Noticed Robin
  2093 | D:3      | Killed Robin
  2206 | D:3      | Found a bloodstained altar of Trog.
  2245 | D:3      | Reached XP level 6. HP: 38/39 MP: 6/6
  2541 | D:3      | Reached skill level 4 in Axes
  2603 | D:3      | Reached **** piety under Trog
  2612 | D:3      | HP: 1/40 [something/magic dart (10)]
  3301 | D:4      | Noticed Blork the orc
  3316 | D:4      | Killed Blork the orc
  3316 | D:4      | Reached skill level 5 in Fighting
  3329 | D:4      | Reached XP level 7. HP: 17/44 MP: 7/7
  3917 | D:5      | Entered Level 5 of the Dungeon
  4067 | D:5      | Reached skill level 5 in Armour
  4195 | D:5      | Found an iron altar of Okawaru.
  4215 | D:5      | Found a blossoming altar of Fedhas.
  4215 | D:5      | Found a white marble altar of Elyvilon.
  4215 | D:5      | Found a sparkling altar of Nemelex Xobeh.
  4215 | D:5      | Found a basalt altar of Yredelemnul.
  4219 | D:5      | Found a glowing silver altar of Zin.
  4222 | D:5      | Found an opulent altar of Gozag.
  4400 | D:5      | Found a snail-covered altar of Cheibriados.
  4605 | D:5      | Found a bloodstained altar of Trog.
  4868 | D:5      | Reached skill level 1 in Bows
  4868 | D:5      | Reached XP level 8. HP: 51/51 MP: 8/8
  4969 | D:6      | Reached skill level 5 in Axes
  5202 | D:6      | Found an ancient bone altar of Kikubaaqudgha.
  5343 | D:6      | Found a runed door.
  5347 | D:6      | Noticed Crazy Yiuf
  5439 | D:6      | Found a shimmering altar of Xom.
  5547 | D:6      | Killed Crazy Yiuf
  5919 | D:7      | Found a staircase to the Ecumenical Temple.
  6141 | D:7      | Reached XP level 9. HP: 52/56 MP: 9/9
  6197 | D:7      | Reached ***** piety under Trog
  6218 | D:7      | Reached skill level 6 in Axes
  6460 | D:7      | Reached skill level 5 in Bows
  6622 | D:8      | Noticed Joseph
  6648 | D:8      | Killed Joseph
  6648 | D:8      | Reached skill level 7 in Axes
  6915 | D:8      | Reached XP level 10. HP: 63/63 MP: 10/10
  6951 | D:8      | Reached skill level 5 in Dodging
  7381 | D:8      | Received a gift from Trog
  7590 | D:8      | Found a faded altar of an unknown god.
  7590 | D:8      | Found a faded altar of an unknown god.
  7605 | D:8      | Found a faded altar of an unknown god.
  7607 | D:8      | Found a stormy altar of Qazlal.
  7608 | D:8      | Found a faded altar of an unknown god.
  8946 | D:9      | Found Peogilut's Food Boutique.
  8986 | D:9      | Found a staircase to the Lair.
  8997 | D:9      | Reached skill level 8 in Axes
  9911 | Lair:1   | Entered Level 1 of the Lair of Beasts
  9911 | Lair:1   | Noticed a four-headed hydra
  9919 | Lair:1   | HP: 4/96 [six-headed hydra (7)]
  9920 | Lair:1   | Slain by a wolf

Skill      XL: |  1  2  3  4  5  6  7  8  9 10 |
---------------+-------------------------------+-----
Axes           | 3 4 5 7 8 |  8.0
Dodging        | 2 3 4 5 |  5.4
Fighting       | 4 5 6 7 |  7.8
Armour         | 3 4 5 6 7 |  7.4
Bows           | 1 3 6 7 |  7.5

Action                   |  1- 3 |  4- 6 |  7- 9 | 10-12 || total
-------------------------+-------+-------+-------+-------++-------
Melee: Hand axe          |   137 |   406 |    10 |       ||   553
       War axe           |       |       |   292 |   127 ||   419
 Fire: Shortbow          |       |       |    81 |   155 ||   236
Invok: Berserk           |       |     2 |       |     1 ||     3
       Burn Spellbooks   |       |       |       |     1 ||     1
  Eat: Chunk             |       |    10 |    11 |     9 ||    30
       Pizza             |       |       |     1 |       ||     1
Armor: Animal skin       |     5 |       |       |       ||     5
       Ring mail         |    63 |    65 |       |       ||   128
       Scale mail        |       |   109 |   185 |    93 ||   387
Dodge: Dodged            |    90 |   181 |   211 |   108 ||   590
